 Dungeon Crawl Stone Soup version 0.25-a0-41-g6cf4ce537d (webtiles) character file.

Game seed: 6518159813526284338, levelgen mode: deterministic

1437818 Ge0ff the Sniper (level 27, 179/179 HPs)
             Began as a Tengu Arcane Marksman on Oct 20, 2019.
             Was a High Priest of Okawaru.
             Escaped with the Orb
             ... and 3 runes on Oct 21, 2019!
             The game lasted 05:14:47 (112019 turns).

Ge0ff the Sniper (Tengu Arcane Marksman)          Turns: 112019, Time: 05:14:47

Health: 179/179    AC: 48    Str: 28    XL:     27
Magic:  8/8        EV: 22    Int: 16    God:    Okawaru [*****.]
Gold:   1822       SH:  0    Dex: 15    Spells: 25/37 levels left

rFire    + . .     SeeInvis +   b - +7 great mace "Undeadhunter" {disrupt, rN+}
rCold    + . .     Gourm    .   (shield currently unavailable)
rNeg     + + +     Faith    .   S - +12 gold dragon scales
rPois    +         Spirit   .   Q - +0 hat of the Heavens {MR+ MP-9 Int+3 Stlth+}
rElec    +         Reflect  .   G - +2 cloak {+Inv}
rCorr    +         Harm     .   f - +2 pair of gloves
MR       +++++                  (boots unavailable)
Stlth    ..........             h - macabre finger necklace {rN+}
HPRegen  0.39/turn              x - ring "Sugutsoa" {MR+ rCorr MP-9 Str+6}
MPRegen  0.11/turn              L - ring "Ebifurph" {rN+ EV+5}
                                X - ring "Vaefemee" {rElec MR+ MP-9 SInv Stlth-}

@: flying quickly and evasively, quick
A: beak, talons 3, iridescent scales 1, slimy green scales 1, yellow scales 1,
dopey 1, screaming 1, wild magic 1, able to fly
0: Orb of Zot
}: 3/15 runes: barnacled, silver, gossamer
a: Stop Flying, Heroism, Finesse, Renounce Religion, Evoke Invisibility


You escaped.
You worshipped Okawaru.
Okawaru was extremely pleased with you.
You were not hungry.

You visited 11 branches of the dungeon, and saw 53 of its levels.
You visited 1 bazaar.
You also visited: Trove and Ice Cave.

You collected 8777 gold pieces.
You spent 6955 gold pieces at shops.

Inventory:

Hand Weapons
 a - the +5 arbalest of Lies {flame, Str+7}
   (You found it on level 2 of the Vaults)

   It causes projectiles fired from it to burn those they strike, causing extra
   injury to most foes and up to half again as much damage against particularly
   susceptible opponents.
   It affects your strength (+7).
 b - the +7 great mace "Undeadhunter" (weapon) {disrupt, rN+}
   (You found it on level 6 of the Dungeon)

   It protects you from negative energy.
Missiles
 w - 14 throwing nets {!f}
 P - 46 silver javelins
 R - 98 boomerangs (quivered)
 Y - 1566 bolts
Armour
 f - a +2 pair of gloves (worn)
 l - the +0 pair of gloves "Puvom" {-Tele MR+ Slay+3}
   (You found it on level 1 of the Crypt)

   It affects your accuracy and damage with ranged weapons and melee attacks
   (+3).
   It affects your resistance to hostile enchantments.
   It prevents most forms of teleportation.
 G - a +2 cloak of invisibility (worn)
 Q - the +0 hat of the Heavens (worn) {MR+ MP-9 Int+3 Stlth+}
   (You bought it in a shop on level 2 of the Orcish Mines)

   It affects your intelligence (+3).
   It affects your resistance to hostile enchantments.
   It affects your magic capacity (-9).
   It makes you more stealthy.
 S - +12 gold dragon scales (worn)
 W - a +0 pair of gloves of strength
Jewellery
 h - the macabre finger necklace (around neck) {rN+}
   (You took it off a deep elf knight on level 3 of the Elven Halls)

   [amulet of nothing]

   It protects you from negative energy.
 m - the ring of Nocleuh {Wiz rC+ rN+ MR+}
   (You found it on level 5 of the Realm of Zot)

   [ring of wizardry]

   It improves your spell success rate.
   It protects you from cold.
   It protects you from negative energy.
   It affects your resistance to hostile enchantments.
 x - the ring "Sugutsoa" (left hand) {MR+ rCorr MP-9 Str+6}
   (You took it off a deep elf sorcerer on level 3 of the Elven Halls)

   [ring of resist corrosion]

   It affects your strength (+6).
   It affects your resistance to hostile enchantments.
   It affects your magic capacity (-9).
   It provides partial protection from all sources of acid and corrosion.
 L - the ring "Ebifurph" (right hand) {rN+ EV+5}
   (You found it on level 4 of the Shoals)

   [ring of evasion]

   It affects your evasion (+5).
   It protects you from negative energy.
 X - the ring "Vaefemee" (on amulet) {rElec MR+ MP-9 SInv Stlth-}
   (You took it off a yaktaur captain on level 5 of the Vaults)

   [ring of attention]

   It insulates you from electricity.
   It affects your resistance to hostile enchantments.
   It affects your magic capacity (-9).
   It lets you see invisible.
   It makes you less stealthy.
 Z - an uncursed ring of protection from fire
Wands
 c - a wand of clouds (7)
 d - a wand of digging (5)
 e - a wand of enslavement (12)
 j - a wand of acid (42)
 k - a wand of iceblast (43)
 p - a wand of paralysis (19)
 t - a wand of scattershot (8)
Scrolls
 i - 15 scrolls of identify
 u - a scroll of holy word
 y - 5 scrolls of immolation
 B - 12 scrolls of blinking
 C - 18 scrolls of remove curse
 E - 10 scrolls of fear
 F - a scroll of fog
 J - 4 scrolls of silence {!r}
 T - 20 scrolls of teleportation
 V - 7 scrolls of vulnerability
Potions
 o - 4 potions of ambrosia
 q - 2 potions of curing
 s - 9 potions of mutation
 z - 8 potions of brilliance
 A - 3 potions of agility
 H - 3 potions of haste {!q}
 I - 7 potions of invisibility
 K - a potion of magic {!q}
 M - 11 potions of might
 N - 7 potions of cancellation {!q}
Miscellaneous
 g - a fan of gales
 n - a phial of floods
 v - a lamp of fire
 D - 2 sacks of spiders
 O - 3 boxes of beasts
 U - 5 phantom mirrors
Comestibles
 r - 60 rations


   Skills:
 + Level 20.0 Fighting
 - Level 20.0 Maces & Flails
 + Level 23.7 Crossbows
 - Level 5.0 Throwing
 + Level 20.4 Armour
 + Level 14.1 Dodging
 - Level 4.0 Stealth
   Level 9.0 Shields
 * Level 5.8 Spellcasting
 - Level 7.0 Hexes
 - Level 5.0 Charms
 - Level 7.0 Summonings
 - Level 9.0 Necromancy
 - Level 7.0 Translocations
 - Level 7.0 Transmutations
 - Level 7.0 Earth Magic
 - Level 14.0 Invocations
 + Level 15.5 Evocations


You had 25 spell levels left.
You knew the following spells:

 Your Spells              Type           Power        Failure   Level  Hunger
a - Portal Projectile     Hex/Tloc       #####.       34%         3    ##.....
c - Blink                 Tloc           N/A          19%         2    #......
g - Apportation           Tloc           #####.       13%         1    None
o - Summon Butterflies    Summ           #####...     13%         1    None
r - Regeneration          Chrm/Necr      #####.....   34%         3    ##.....
w - Passwall              Tmut/Erth      #####...     19%         2    #......

Your spell library contained the following spells:

 Spells                   Type           Power        Failure   Level  Hunger
 Animate Skeleton         Necr           N/A          6%          1    None
 Pain                     Necr           ####         6%          1    None
 Corpse Rot               Necr           N/A          10%         2    #......
 Sublimation of Blood     Necr           #####.....   10%         2    #......
 Beastly Appendage        Tmut           #####.       13%         1    None
 Confusing Touch          Hex            #####.       13%         1    None
 Corona                   Hex            #####..      13%         1    None
 Sandblast                Erth           #####.       13%         1    None
 Summon Small Mammal      Summ           ####         13%         1    None
 Vampiric Draining        Necr           #####.....   17%         3    ##.....
 Call Imp                 Summ           #####...     19%         2    #......
 Slow                     Hex            #####...     19%         2    #......
 Sticks to Snakes         Tmut           #####...     19%         2    #......
 Infusion                 Chrm           ####         28%         1    None
 Shroud of Golubria       Chrm/Tloc      ####..       28%         2    #......
 Call Canine Familiar     Summ           #####...     34%         3    ##.....
 Confuse                  Hex            #####...     34%         3    ##.....
 Gell's Gravitas          Tloc           #####.....   34%         3    ##.....
 Lesser Beckoning         Tloc           #####.....   34%         3    ##.....
 Recall                   Summ/Tloc      N/A          34%         3    ##.....
 Summon Guardian Golem    Hex/Summ       #####...     34%         3    ##.....
 Teleport Other           Tloc           #####...     34%         3    ##.....
 Tukima's Dance           Hex            #####...     34%         3    ##.....
 Song of Slaying          Chrm           ####....     38%         2    #......
 Spectral Weapon          Hex/Chrm       ####....     45%         3    ##.....
 Animate Dead             Necr           N/A          45%         4    ####...
 Ensorcelled Hibernation  Hex/Ice        ###...       58%         2    #......
 Swiftness                Chrm/Air       ###.....     71%         2    #......
 Cause Fear               Hex            #####.....   73%         4    ####...
 Leda's Liquefaction      Hex/Erth       #####.....   73%         4    ####...
 Petrify                  Tmut/Erth      #####...     73%         4    ####...
 Dispel Undead            Necr           #####...     78%         5    ######.
 Dazzling Spray           Conj/Hex       ###...       80%         3    ##.....
 Inner Flame              Hex/Fire       ###.....     80%         3    ##.....
 Spider Form              Tmut/Pois      ###.......   80%         3    ##.....
 Stone Arrow              Conj/Erth      ###...       80%         3    ##.....
 Flame Tongue             Conj/Fire      #....        88%         1    None
 Freeze                   Ice            #...         88%         1    None
 Magic Dart               Conj           #...         88%         1    None
 Shock                    Conj/Air       #...         88%         1    None
 Sting                    Conj/Pois      #...         88%         1    None
 Borgnjor's Vile Clutch   Necr/Erth      #####.....   89%         5    ######.
 Ignite Poison            Fire/Tmut/Pois ###.....     91%         3    ##.....
 Poisonous Vapours        Pois/Air       #.....       96%         2    #......
 Searing Ray              Conj           #.....       96%         2    #......
 Throw Flame              Conj/Fire      #.....       96%         2    #......
 Aura of Abjuration       Summ           #####.....   96%         5    ######.
 Blade Hands              Tmut           #####.....   96%         5    ######.
 Excruciating Wounds      Chrm/Necr      #####.....   96%         5    ######.
 Lee's Rapid Deconstruct  Erth           #####.....   96%         5    ######.
 Summon Demon             Summ           #####.....   96%         5    ######.
 Summon Forest            Summ/Tloc      #####.....   96%         5    ######.
 Summon Mana Viper        Hex/Summ       #####...     96%         5    ######.
 Yara's Violent Unravell  Hex/Tmut       #####.....   96%         5    ######.
 Conjure Flame            Conj/Fire      #.......     99%         3    ##.....
 Mephitic Cloud           Conj/Pois/Air  #.......     99%         3    ##.....
 Static Discharge         Conj/Air       #.......     99%         3    ##.....
 Force Lance              Conj/Tloc      ###.....     99%         4    ####...
 Fulminant Prism          Conj/Hex       ###.......   99%         4    ####...
 Ice Form                 Ice/Tmut       ###.....     99%         4    ####...
 Summon Ice Beast         Ice/Summ       ###.....     99%         4    ####...
 Summon Lightning Spire   Summ/Air       ###.....     99%         4    ####...
 Airstrike                Air            #.........   100%        4    ####...
 Iskenderun's Mystic Bla  Conj           #.......     100%        4    ####...
 Olgreb's Toxic Radiance  Pois           #.......     100%        4    ####...
 Sticky Flame             Conj/Fire      #.......     100%        4    ####...
 Alistair's Intoxication  Tmut/Pois      ###.....     100%        5    ######.
 Bolt of Draining         Conj/Necr      ###.......   100%        5    ######.
 Bolt of Magma            Conj/Fire/Erth ###.......   100%        5    ######.
 Fireball                 Conj/Fire      #.........   100%        5    ######.
 Irradiate                Conj/Tmut      ###.......   100%        5    ######.
 Iskenderun's Battlesphe  Conj/Chrm      ###.....     100%        5    ######.
 Lightning Bolt           Conj/Air       #.........   100%        5    ######.
 Metabolic Englaciation   Hex/Ice        ###.......   100%        5    ######.
 Silence                  Hex/Air        ###.......   100%        5    ######.
 Venom Bolt               Conj/Pois      #.........   100%        5    ######.
 Bolt of Cold             Conj/Ice       #.........   100%        6    #######
 Bolt of Fire             Conj/Fire      #.........   100%        6    #######
 Conjure Ball Lightning   Conj/Air       #.........   100%        6    #######
 Darkness                 Hex            #####.....   100%        6    #######
 Death Channel            Necr           #####.....   100%        6    #######
 Deflect Missiles         Chrm/Air       ###.......   100%        6    #######
 Dispersal                Tloc           #####.....   100%        6    #######
 Freezing Cloud           Conj/Ice/Air   #.........   100%        6    #######
 Hydra Form               Tmut           #####.....   100%        6    #######
 Invisibility             Hex            #####...     100%        6    #######
 Iron Shot                Conj/Erth      ###.......   100%        6    #######
 Ozocubu's Refrigeration  Ice            #.........   100%        6    #######
 Shadow Creatures         Summ           N/A          100%        6    #######
 Simulacrum               Ice/Necr       ###.......   100%        6    #######
 Statue Form              Tmut/Erth      #####....    100%        6    #######
 Dragon Form              Tmut           #####.....   100%        7    #######
 Haunt                    Necr/Summ      #####.....   100%        7    #######
 Malign Gateway           Summ/Tloc      #####.....   100%        7    #######
 Monstrous Menagerie      Summ           #####.....   100%        7    #######
 Orb of Destruction       Conj           #.........   100%        7    #######
 Ring of Flames           Chrm/Fire      ###.......   100%        7    #######
 Spellforged Servitor     Conj/Summ      ###.......   100%        7    #######
 Summon Greater Demon     Summ           #####.....   100%        7    #######
 Summon Hydra             Summ           #####.....   100%        7    #######
 Borgnjor's Revivificati  Necr           #####.....   100%        8    #######
 Controlled Blink         Tloc           N/A          100%        8    #######
 Death's Door             Chrm/Necr      #####.....   100%        8    #######
 Discord                  Hex            #####.....   100%        8    #######
 Disjunction              Tloc           #####.....   100%        8    #######
 Ignition                 Fire           #.........   100%        8    #######
 Infestation              Necr           #####.....   100%        8    #######
 Necromutation            Tmut/Necr      #####.....   100%        8    #######
 Summon Horrible Things   Summ           #####.....   100%        8    #######
 Dragon's Call            Summ           #####.....   100%        9    #######
 Shatter                  Erth           #####.....   100%        9    #######
 Tornado                  Air            #.........   100%        9    #######
 Passage of Golubria      Tloc           Unusable     N/A         4    N/A

Dungeon Overview and Level Annotations

Branches:
Dungeon (15/15)            Temple (1/1) D:7            Lair (6/6) D:9
 Shoals (4/4) Lair:2       Spider (4/4) Lair:2        Slime (0/5) Lair:6
    Orc (2/2) D:9             Elf (3/3) Orc:2        Vaults (5/5) D:13
  Crypt (3/3) Vaults:3       Tomb (0/3) Crypt:3      Depths (5/5) D:15
    Zot (5/5) Depths:5      IceCv (visited)

Altars:
Ashenzari
Dithmenos
Fedhas
Kikubaaqudgha
Makhleb
Okawaru
Sif Muna
Uskayaw
Wu Jian
Xom
Yredelemnul
Zin
Beogh
Jiyva

Shops:
D:6 *   D:12 *   D:15 =   Orc:1 *   Orc:2 }}*(   Elf:2 (   Shoals:1 *
Shoals:3 ?=[[   Shoals:4 =   Vaults:1 (   Vaults:5 !%%   Depths:2 [

Portals:
Hell: Depths:1 Depths:3 Depths:5
Abyss: Depths:3


Innate Abilities, Weirdness & Mutations

You have a beak for a mouth.
You have claws for feet.
You can fly continuously.
You are partially covered in iridescent scales. (AC +2)
You are partially covered in slimy green scales. (AC +2)
You are partially covered in yellow scales. (AC +2)
You are dopey. (Int -2)
You occasionally shout uncontrollably at your foes.
Your spells are a little harder to cast, but a little more powerful.


Message History

There is a stone staircase leading up here.
You fly upwards.
There is a stone staircase leading down here.
Your hands slow down.
There is an open door here.
There is a stone staircase leading up here.
You fly upwards.
There is a stone staircase leading down here.
You see here a dagger.
There is a stone staircase leading up here.
You fly upwards.
There is a stone staircase leading down here.
You see here a mace.
You see here a hunting sling.
As you open the door, it creaks loudly!
There is an open door here.
Your magical contamination has completely faded away.
There is an open door here.
There is a staircase leading out of the dungeon here.
You have escaped!

#.........# #.##.#.###...####
#..######.# #.##.#.).........
#..# #.# #.##.........####
#..# #.# #...........## #รท.#
#.# ######..#.### ###
#..######.# ###..#.# ##.#
#......#########....#.####.#.
#.####.###.....##.........###
#.####.##...@...#...>###.## #
#.......##.....####..# ##.###
######...###'### #).# ##.#.
#.###.....####..# #..#
######.........##..#####..#
#...'.....8.....'.........#
#.####.........####.##.##.#
#.# ###.....### #.##.##.# #.#
#.############.##.##.#


There were no monsters in sight!

Vanquished Creatures
  3 ancient liches
  7 orbs of fire
  Boris (thrice) (Crypt:1 Crypt:3 Depths:5)
  Frederick (Vaults:2)
  4 Killer Klowns
  Xtahua (Vaults:3)
  The ghost of DEFE the Peltast, an adept DrEn of Gozag (Elf:3)
  Nikola (Spider:1)
  11 golden dragons
  A bone dragon (Depths:5)
  15 tentacled monstrosities
  4 electric golems
  25 Orb Guardians
  Rupert (Lair:4)
  An Ice Fiend (Depths:4)
  The ghost of Moutitz the Tortoise, an adept MiFi of the Shining One (Vaults:3)
  The ghost of Jyumazes the Tortoise, an adept GrFi of Makhleb (Crypt:1)
  5 titans (Vaults:5)
  3 deep elf master archers
  3 deep elf blademasters (Elf:3)
  7 liches
  Frances (Shoals:1)
  6 quicksilver dragons
  6 death cobs
  3 sphinxes
  Polyphemus (Shoals:2)
  An Executioner (D:6)
  7 storm dragons
  3 ancient champions
  Kirke (Spider:4)
  A kraken (Shoals:1)
  4 tengu reavers (Vaults:5)
  16 shadow dragons
  3 revenants
  Donald (Shoals:2)
  Louise (D:15)
  7 fire giants
  9 draconian scorchers
  4 draconian knights
  13 deep elf sorcerers
  6 ghost moths
  5 frost giants
  A cacodemon (Vaults:3)
  2 curse skulls
  4 emperor scorpions
  10 ghouls
  3 iron dragons (Vaults:5)
  A reaper (Crypt:3)
  9 draconian shifters
  17 ironheart preservers
  5 draconian annihilators
  2 war gargoyles
  6 deep elf elementalists
  18 vault wardens
  3 entropy weavers (Spider:2)
  10 draconian stormcallers
  17 stone giants
  16 very ugly things
  21 vampire knights
  13 green draconians
  18 deep elf demonologists
  12 yellow draconians
  14 deep elf annihilators
  5 spark wasps
  14 black draconians
  2 dire elephants
  The ghost of Osyocro the Severer, a journeyman MiBe of Trog (Lair:3)
  13 red draconians
  Azrael (Elf:1)
  11 white draconians
  The ghost of Cuxunirch the Grim Reaper, a journeyman MiFi of Yredelemnul (Lair:4)
  18 purple draconians
  5 merfolk javelineers (Shoals:4)
  15 deep elf death magi
  7 eidola
  7 ettins
  5 deep elf high priests
  16 yaktaur captains
  18 jiangshi
  9 merfolk impalers
  Josephine (D:13)
  A fire dragon (shapeshifter) (Elf:1)
  Erolcha (D:9)
  7 fire dragons
  5 great orbs of eyes
  35 vault guards
  9 ice dragons
  4 rakshasas
  2 alligator snapping turtles (Shoals:4)
  2 catoblepae
  14 hydras
  3 spriggan air magi
  11 centaur warriors
  9 merfolk aquamancers
  3 merfolk avatars
  12 death yaks
  2 death knights
  8 deep troll earth magi
  A queen ant (Spider:3)
  13 vampire magi
  36 two-headed ogres
  An alligator snapping turtle (shapeshifter) (Vaults:5)
  33 dancing weapons
  13 ogre magi
  2 tengu warriors
  4 deep troll shamans
  Urug (Lair:4)
  2 orc high priests
  4 spriggan berserkers
  Nergalle (Orc:1)
  A storm dragon zombie (Crypt:3)
  A storm dragon skeleton (Crypt:1)
  24 deep elf knights
  12 skeletal warriors
  2 salamander mystics
  4 shadow wraiths
  A titan skeleton (Depths:1)
  A soul eater (Crypt:1)
  An iron troll (Depths:1)
  A spark wasp zombie (Depths:1)
  2 wizards (Vaults:2)
  18 sea snakes
  6 unseen horrors
  31 deep trolls
  An iron giant zombie (Crypt:3)
  6 glowing orange brains
  3 flayed ghosts
  A golden dragon zombie (Crypt:3)
  A glowing orange brain (shapeshifter) (Vaults:4)
  Pikel (D:6)
  A golden dragon skeleton (Crypt:3)
  20 deep elf archers
  2 obsidian statues
  A swamp dragon (shapeshifter) (Depths:3)
  An orange crystal statue (Vaults:4)
  6 ironbrand convokers
  2 spectral hydras (Lair:3)
  2 shadow dragon zombies (Crypt:1)
  14 necromancers
  17 harpies
  5 lindwurms
  16 orc knights
  7 orc sorcerers
  13 phantasmal warriors
  2 oklob plants
  An orb spider (shapeshifter) (Vaults:1)
  20 manticores
  2 frost giant zombies
  11 orb spiders
  2 stone giant zombies (Crypt:3)
  12 cyclopes
  42 ugly things
  A shining eye (shapeshifter) (Vaults:5)
  A fire giant zombie (Crypt:3)
  43 wolf spiders
  63 deep elf magi
  7 fauns
  34 moths of wrath
  A stone giant skeleton (Crypt:3)
  Maurice (D:8)
  A frost giant skeleton (Crypt:3)
  2 elephants (Lair:6)
  A manticore (shapeshifter) (Vaults:1)
  7 salamanders
  16 merfolk sirens
  An elephant (shapeshifter) (Vaults:3)
  A guardian serpent (shapeshifter) (Vaults:2)
  A water nymph (shapeshifter) (Vaults:5)
  A fire giant skeleton (Crypt:1)
  11 vault sentinels
  A shock serpent zombie (Crypt:2)
  4 black mambas
  2 gargoyles
  An alligator snapping turtle zombie (Crypt:3)
  8 spiny frogs
  9 water nymphs
  An ice statue (IceCv)
  An elf skeleton (Depths:1)
  2 emperor scorpion zombies
  2 spriggan zombies (Depths:1)
  2 kobold demonologists (D:13)
  2 torpor snails
  A spiny frog (shapeshifter) (Depths:2)
  A hellion (D:12)
  A black draconian zombie (Crypt:2)
  A grey draconian zombie (Crypt:1)
  44 yaktaurs
  2 efreet
  A sea snake zombie (Crypt:1)
  3 rime drakes
  9 komodo dragons
  A purple draconian skeleton (Crypt:3)
  2 rime drakes (shapeshifter) (Vaults:2)
  9 freezing wraiths
  A yaktaur skeleton (Depths:1)
  24 demonic crawlers
  2 queen bees (shapeshifter)
  A minotaur skeleton (Crypt:2)
  8 trolls
  A meliai (shapeshifter) (Vaults:3)
  A tengu conjurer (Depths:1)
  28 merfolk
  A queen bee (Lair:4)
  5 wind drakes
  A hornet (shapeshifter) (Depths:2)
  4 meliai
  8 slime creatures (D:13)
  23 jumping spiders
  2 jumping spiders (shapeshifter)
  24 polar bears
  2 raiju (Lair:6)
  9 blink frogs
  A fire dragon zombie (Depths:1)
  A raiju (shapeshifter) (Depths:4)
  26 hornets
  2 ettin zombies
  6 snapping turtles
  12 hippogriffs
  16 dream sheep
  An ettin skeleton (Crypt:1)
  A fire giant simulacrum (Crypt:1)
  A satyr skeleton (Crypt:3)
  2 spriggans (shapeshifter)
  A centaur simulacrum (D:14)
  51 redbacks
  3 spriggans
  2 shadows
  5 flying skulls (Crypt:1)
  28 vampires
  8 fire elementals
  14 tarantellas
  3 wyverns
  3 air elementals
  11 wraiths
  48 yaks
  A human (shapeshifter) (Vaults:5)
  6 basilisks
  A hog (shapeshifter) (Vaults:1)
  2 basilisks (shapeshifter)
  A spectral komodo dragon (Lair:3)
  4 hogs (Spider:4)
  2 hungry ghosts
  9 vampire mosquitoes
  14 water elementals
  Eustachio (D:6)
  A chaos spawn (D:12)
  7 wargs
  A two-headed ogre zombie (Crypt:3)
  A glowing shapeshifter zombie (Crypt:1)
  A soldier ant (shapeshifter) (Depths:1)
  A swamp worm (D:13)
  An acid dragon (D:13)
  10 water moccasins
  28 soldier ants
  The ghost of hitsuchi the Gusty, an amateur TeAE (D:3)
  19 hell hounds
  A hydra simulacrum (Lair:3)
  2 water moccasins (shapeshifter)
  13 black bears
  7 porcupines
  2 snapping turtle zombies (Crypt:3)
  9 ice beasts
  An eye of draining (D:13)
  40 orc warriors
  7 phantoms
  A deep troll simulacrum (Depths:1)
  4 slaves (D:6)
  6 sky beasts
  A black bear (shapeshifter) (Elf:3)
  An eye of draining (shapeshifter) (Vaults:3)
  2 necrophages
  16 boggarts
  A hornet zombie (Crypt:2)
  20 centaurs
  39 wolves
  32 ogres
  8 crocodiles
  A crocodile (shapeshifter) (Depths:5)
  A yaktaur zombie (Crypt:2)
  A komodo dragon zombie (Crypt:2)
  9 big kobolds
  14 bullfrogs
  An earth elemental (Elf:3)
  A hippogriff skeleton (Crypt:3)
  A spiny frog simulacrum (Lair:3)
  A hornet simulacrum (Vaults:1)
  11 killer bees
  5 scorpions
  A troll zombie (Crypt:1)
  7 wights
  A snapping turtle simulacrum (Crypt:3)
  5 howler monkeys
  6 electric eels
  5 crimson imps
  A bullfrog zombie (D:11)
  5 jellies
  4 centaur zombies
  An iron imp (D:13)
  6 centaur skeletons
  27 orc wizards
  25 orc priests
  3 bullfrog skeletons
  9 hounds
  5 iguanas
  24 worker ants
  A sky beast zombie (Crypt:1)
  A tengu zombie (Crypt:1)
  A tengu skeleton (Crypt:3)
  A big kobold skeleton (Crypt:2)
  A crocodile skeleton (Crypt:1)
  A hound skeleton (D:7)
  14 adders
  A swamp drake zombie (Crypt:2)
  An adder (shapeshifter) (Vaults:3)
  6 shadow imps
  2 ufetubi (D:13)
  5 oozes (D:8)
  An ooze (shapeshifter) (Vaults:3)
  An adder zombie (D:8)
  A worm (D:2)
  A barachi zombie (Crypt:3)
  A dart slug (shapeshifter) (Vaults:3)
  5 leopard geckos
  118 orcs
  5 ball pythons
  9 giant cockroaches
  5 hobgoblins
  22 kobolds
  10 quokkas
  3 bats (D:2)
  3 frilled lizards
  A frilled lizard (shapeshifter) (Vaults:3)
  7 goblins
  A kobold skeleton (Crypt:1)
  A quokka skeleton (D:6)
  3 rats
  3 bushes (D:13)
  A fungus (Lair:6)
  6 plants
  2 tentacles (Shoals:1)
  3 withered plants (Crypt:3)
2553 creatures vanquished.

Vanquished Creatures (collateral kills)
  Arachne (Spider:2)
  An Orb Guardian (Zot:5)
  A draconian stormcaller (Zot:3)
  2 white draconians (Zot:3)
  A yellow draconian (Zot:3)
  A shining eye (shapeshifter) (Vaults:2)
  A faun (Shoals:2)
  A merfolk siren (Shoals:4)
  A yaktaur (Vaults:2)
  A jumping spider (Spider:2)
  2 water elementals
13 creatures vanquished.

Vanquished Creatures (others)
  A frost giant (Vaults:4)
  3 draconian knights
  A black draconian (Zot:3)
  A red draconian (Zot:3)
  A catoblepas (Shoals:2)
  A satyr (Shoals:2)
  A deep troll (Depths:1)
  A deep elf archer (Elf:1)
  2 fauns (Shoals:1)
  2 cyclopes
  A jumping spider (Spider:3)
  6 merfolk
  2 centaurs (Shoals:1)
  A bush (D:13)
  35 fungi
  46 plants
  5 tentacles (Shoals:1)
  2 withered plants (Crypt:3)
112 creatures vanquished.

Grand Total: 2678 creatures vanquished

Notes
Turn   | Place    | Note
-------+----------+-------------------------------------------
     0 | D:1      | Ge0ff the Tengu Arcane Marksman began the quest for the
                  | Orb.
     0 | D:1      | Reached XP level 1. HP: 12/12 MP: 3/3
   346 | D:1      | Reached XP level 2. HP: 12/16 MP: 4/4
  1286 | D:2      | Reached skill level 3 in Crossbows
  1286 | D:2      | Reached XP level 3. HP: 17/21 MP: 5/5
  1400 | D:2      | Reached skill level 1 in Armour
  1771 | D:2      | Reached XP level 4. HP: 23/27 MP: 6/6
  2196 | D:2      | Found a burning altar of Makhleb.
  2198 | D:2      | Noticed a cacodemon
  2202 | D:2      | Noticed a neqoxec
  2202 | D:2      | Noticed a ynoxinul
  2801 | D:3      | Found a runed translucent gate.
  2805 | D:3      | Found a runed translucent gate.
  2809 | D:3      | Found a runed translucent gate.
  2811 | D:3      | Noticed hitsuchi's ghost (amateur TeAE)
  3043 | D:3      | Reached skill level 4 in Crossbows
  3192 | D:3      | Gained mutation: You can fly continuously. [Tengu growth]
  3192 | D:3      | Reached XP level 5. HP: 32/32 MP: 7/7
  3825 | D:4      | Reached skill level 1 in Stealth
  4327 | D:5      | Entered Level 5 of the Dungeon
  4363 | D:5      | Noticed an ice beast
  4374 | D:5      | Killed an ice beast
  4374 | D:5      | Reached skill level 5 in Crossbows
  4374 | D:5      | Reached XP level 6. HP: 24/37 MP: 8/8
  4708 | D:5      | Noticed an ice beast
  4719 | D:5      | Killed an ice beast
  4719 | D:5      | Reached XP level 7. HP: 33/42 MP: 9/9
  5079 | D:6      | Noticed a troll
  5243 | D:6      | Reached skill level 6 in Crossbows
  5431 | D:6      | Found Tauh's General Store.
  5672 | D:6      | Reached XP level 8. HP: 47/48 MP: 10/10
  5885 | D:6      | Noticed Pikel
  5887 | D:6      | Noticed Eustachio
  5921 | D:6      | Killed Pikel
  5921 | D:6      | Reached skill level 5 in Fighting
  5921 | D:6      | Reached skill level 7 in Crossbows
  6126 | D:6      | Killed Eustachio
  6126 | D:6      | Reached skill level 8 in Crossbows
  6326 | D:6      | Killed a troll
  6326 | D:6      | Reached XP level 9. HP: 52/55 MP: 11/11
  6388 | D:6      | Found the +7 great mace "Undeadhunter" {disrupt, rN+}
  6435 | D:6      | Reached skill level 1 in Maces & Flails
  6435 | D:6      | Reached skill level 9 in Crossbows
  6562 | D:6      | Reached skill level 1 in Evocations
  6609 | D:6      | Found a shattered altar of Ashenzari.
  6902 | D:7      | Reached skill level 5 in Armour
  6920 | D:7      | Learned a level 3 spell: Portal Projectile
  7530 | D:7      | Found a staircase to the Ecumenical Temple.
  7546 | Temple   | Entered the Ecumenical Temple
  7581 | Temple   | Became a worshipper of Warmaster Okawaru
  8763 | D:8      | You are sucked into a shaft and drop 2 floors!
  8763 | D:10     | Entered Level 10 of the Dungeon
  9082 | D:10     | Reached * piety under Okawaru
  9138 | D:10     | Reached skill level 5 in Maces & Flails
  9138 | D:10     | Reached XP level 10. HP: 61/61 MP: 13/13
  9370 | D:10     | Killed an unseen horror
  9370 | D:10     | Reached skill level 1 in Invocations
  9860 | D:8      | Reached skill level 10 in Crossbows
 10044 | D:8      | Reached ** piety under Okawaru
 10395 | D:8      | Noticed Maurice
 10406 | D:8      | Killed Maurice
 10830 | D:8      | Found a shimmering blue altar of Sif Muna.
 11044 | D:6      | Bought 2 scrolls of remove curse for 66 gold pieces
 11044 | D:6      | Bought a scroll of vulnerability for 82 gold pieces
 11616 | D:9      | Noticed a two-headed ogre
 11954 | D:9      | Noticed Erolcha
 12418 | D:9      | Reached *** piety under Okawaru
 12418 | D:9      | Reached XP level 11. HP: 40/68 MP: 14/14
 13336 | D:9      | Found a staircase to the Lair.
 13364 | D:9      | Found a staircase to the Orcish Mines.
 13555 | D:9      | Killed a two-headed ogre
 14059 | D:10     | Received a gift from Okawaru
 14463 | D:10     | Reached skill level 10 in Maces & Flails
 14938 | D:10     | Noticed a two-headed ogre
 14950 | D:10     | Killed a two-headed ogre
 15132 | D:11     | Noticed a two-headed ogre
 15174 | D:11     | Killed a two-headed ogre
 15174 | D:11     | Reached **** piety under Okawaru
 15174 | D:11     | Received a gift from Okawaru
 15718 | D:11     | Noticed a white ugly thing
 15933 | D:11     | Noticed an unseen horror
 15950 | D:11     | Killed an unseen horror
 16638 | D:11     | Found a burning altar of Makhleb.
 16638 | D:11     | Noticed a deep elf mage
 16638 | D:11     | Noticed a six-headed hydra
 16645 | D:11     | Noticed an unseen horror
 16657 | D:11     | Noticed an unseen horror
 16669 | D:11     | Killed an unseen horror
 17321 | D:11     | Killed an unseen horror
 17321 | D:11     | Reached XP level 12. HP: 48/76 MP: 15/15
 17552 | D:11     | Killed a six-headed hydra
 17552 | D:11     | Received a gift from Okawaru
 17683 | D:11     | Got a brightly glowing hand crossbow
 17684 | D:11     | Identified the +11 hand crossbow "Izxihis" {freeze, Int+6}
                  | (You found it on level 11 of the Dungeon)
 17696 | D:11     | Got a pitted flail
 17701 | D:11     | Identified Ceub's Compendium of the Oath
 17707 | D:11     | Identified the +9 flail of Calamity {crush, Int+4 Dex+4}
                  | (You found it on level 11 of the Dungeon)
 17832 | D:9      | Killed Erolcha
 17855 | Lair:1   | Entered Level 1 of the Lair of Beasts
 17894 | Lair:1   | Reached ***** piety under Okawaru
 17970 | Lair:1   | Got a warped hunting sling
 17971 | Lair:1   | Identified the +4 hunting sling of Indomitability
                  | {velocity, rF+ rC+} (You found it on level 1 of the Lair of
                  | Beasts)
 18016 | Lair:1   | Received a gift from Okawaru
 18033 | Lair:1   | Noticed a seven-headed hydra
 18040 | Lair:1   | Killed a seven-headed hydra
 18178 | Lair:1   | Reached skill level 5 in Dodging
 18278 | Lair:1   | Reached skill level 1 in Translocations
 18783 | Lair:2   | Found a hole to the Spider Nest.
 18816 | Lair:2   | Noticed a catoblepas
 18835 | Lair:2   | Killed a catoblepas
 18835 | Lair:2   | Received a gift from Okawaru
 18838 | Lair:2   | Got a slimy buckler {god gift}
 18843 | Lair:2   | Identified the +4 buckler of the Louse {Str+5} (Okawaru
                  | gifted it to you on level 2 of the Lair of Beasts)
 18896 | Lair:2   | Reached skill level 10 in Fighting
 18953 | Lair:2   | Noticed a four-headed hydra
 18962 | Lair:2   | Killed a four-headed hydra
 18962 | Lair:2   | Reached skill level 1 in Shields
 19039 | Lair:2   | Got an encrusted plate armour
 19053 | Lair:2   | Identified the cursed +1 plate armour of the Stars {rN+
                  | Dex+5} (You found it on level 2 of the Lair of Beasts)
 19116 | Lair:2   | Learned a level 2 spell: Blink
 19198 | Lair:2   | Reached skill level 5 in Invocations
 19198 | Lair:2   | Reached XP level 13. HP: 47/82 MP: 17/17
 19474 | Lair:2   | Found a staircase to the Shoals.
 19667 | Lair:3   | Found a shimmering altar of Xom.
 20234 | Lair:3   | Found a runed translucent gate.
 20234 | Lair:3   | Found a runed translucent gate.
 20234 | Lair:3   | Found a runed translucent gate.
 20237 | Lair:3   | Noticed Osyocro's ghost (journeyman MiBe)
 20671 | Lair:4   | Found a transporter.
 20673 | Lair:4   | Found a transporter.
 20686 | Lair:4   | Noticed Cuxunirch's ghost (journeyman MiFi)
 20873 | Lair:4   | Noticed Rupert
 20897 | Lair:4   | Killed Rupert
 20897 | Lair:4   | Received a gift from Okawaru
 21364 | Lair:4   | Reached skill level 5 in Evocations
 21669 | Lair:5   | Noticed Urug
 21693 | Lair:4   | Killed Urug
 22865 | Lair:6   | Entered Level 6 of the Lair of Beasts
 23349 | Lair:6   | Reached XP level 14. HP: 79/88 MP: 20/20
 23811 | Lair:6   | Found a viscous altar of Jiyva.
 23811 | Lair:6   | Found a staircase to the Slime Pits.
 23958 | Lair:6   | Received a gift from Okawaru
 24701 | Lair:6   | Reached ****** piety under Okawaru
 24771 | Lair:6   | Received a gift from Okawaru
 25085 | Lair:6   | Received a gift from Okawaru
 25843 | Lair:6   | Noticed a dire elephant
 25880 | Lair:6   | Killed a dire elephant
 26673 | Lair:5   | You are sucked into a shaft and drop 1 floor!
 26763 | Lair:6   | Received a gift from Okawaru
 26809 | Lair:6   | Reached skill level 11 in Crossbows
 26964 | Lair:4   | Killed Cuxunirch's ghost
 26984 | Lair:4   | Received a gift from Okawaru
 27036 | Lair:4   | Got a shimmering chain mail
 27037 | Lair:4   | Identified the +7 chain mail of Ykkarph {rElec} (You found
                  | it on level 4 of the Lair of Beasts)
 27144 | Lair:3   | Reached skill level 5 in Spellcasting
 27255 | Lair:3   | Killed Osyocro's ghost
 27255 | Lair:3   | Reached XP level 15. HP: 53/95 MP: 21/23
 27552 | Orc:1    | Entered Level 1 of the Orcish Mines
 27560 | Orc:1    | Found Tnkomiap's Tempting Trifles.
 27777 | Orc:1    | Reached skill level 5 in Translocations
 27864 | Orc:1    | Found a roughly hewn altar of Beogh.
 28146 | Orc:2    | Entered Level 2 of the Orcish Mines
 28146 | Orc:2    | Found a staircase to the Elven Halls.
 28235 | Orc:2    | Received a gift from Okawaru
 28269 | Orc:2    | Found a flickering gateway to a bazaar.
 28279 | Orc:2    | Found a roughly hewn altar of Beogh.
 28311 | Bazaar   | Entered a bazaar
 28344 | Bazaar   | Found Moibojucko's Book Boutique.
 28348 | Bazaar   | Found Uxicutor's Food Boutique.
 28348 | Bazaar   | Found Upto's Book Boutique.
 28349 | Bazaar   | Found Bufomuon's Weapon Boutique.
 28364 | Bazaar   | Bought a book of Cantrips for 280 gold pieces
 28366 | Bazaar   | Learned a level 1 spell: Apportation
 28654 | Orc:2    | Reached skill level 1 in Throwing
 29008 | Orc:1    | Noticed Nergalle
 29015 | Orc:1    | Killed Nergalle
 29265 | Orc:2    | Found Hatabucs's Assorted Antiques.
 29265 | Orc:2    | Found Yhaweg's Gadget Boutique.
 29314 | Orc:2    | Found Ycuismin's Gadget Boutique.
 29317 | Orc:2    | Found Ocoum's Weapon Shop.
 29321 | Orc:2    | Bought an ancient hat for 324 gold pieces
 29321 | Orc:2    | Bought a gold wand for 144 gold pieces
 29321 | Orc:2    | Bought a scroll labeled ADACHIPPIRPH for 36 gold pieces
 29321 | Orc:2    | Bought a fluorescent wand for 144 gold pieces
 29999 | D:12     | Found a frozen archway.
 30006 | IceCv    | Entered an ice cave
 30510 | IceCv    | Identified the cursed +0 hat of the Heavens {MR+ MP-9 Int+3
                  | Stlth+} (You bought it in a shop on level 2 of the Orcish
                  | Mines)
 30814 | IceCv    | Noticed a frost giant
 30842 | IceCv    | Killed a frost giant
 31275 | D:12     | Found Fietimug's General Store.
 31293 | D:12     | Bought 11 bolts for 37 gold pieces
 31349 | D:12     | Received a gift from Okawaru
 32363 | D:13     | Found a gate to the Vaults.
 32367 | D:13     | Reached skill level 12 in Crossbows
 32461 | D:13     | Noticed Nessos
 32464 | D:13     | Noticed Nessos
 32464 | D:13     | Nessos changed into Nessos the swamp worm
 32469 | D:13     | Killed Nessos the swamp worm
 32691 | D:13     | Reached skill level 10 in Armour
 32933 | D:13     | Noticed Josephine
 32942 | D:13     | Killed Josephine
 33062 | D:13     | Reached XP level 16. HP: 44/101 MP: 15/24
 33299 | D:13     | Noticed Sonja
 33300 | D:13     | Noticed Sonja
 33300 | D:13     | Sonja changed into Sonja the wyvern
 33303 | D:13     | Killed Sonja the wyvern
 34155 | D:13     | Got a sparkling pewter amulet
 34160 | D:13     | Got a glittering iron ring
 34161 | D:13     | Identified the ring of Virip {+Blink MP+9} (You found it on
                  | level 13 of the Dungeon)
 34162 | D:13     | Identified the amulet of the Circus Animal {Reflect Dex+3
                  | SH+3} (You found it on level 13 of the Dungeon)
 35643 | D:14     | Reached skill level 5 in Throwing
 36166 | D:15     | Entered Level 15 of the Dungeon
 36212 | D:15     | Identified the +0 large shield of the Wilderness {rN+ Str+4
                  | Dex+2}
 36212 | D:15     | Noticed Louise
 36243 | D:15     | Killed Louise
 36433 | D:15     | Received a gift from Okawaru
 36456 | D:15     | Reached skill level 5 in Hexes
 37238 | D:15     | Found Eboure Ekoph's Jewellery Boutique.
 37405 | D:15     | Reached skill level 15 in Maces & Flails
 37623 | D:15     | Found a staircase to the Depths.
 38717 | Spider:1 | Entered Level 1 of the Spider Nest
 38781 | Spider:1 | Received a gift from Okawaru
 39151 | Spider:1 | Noticed Nikola
 39168 | Spider:1 | Killed Nikola
 39168 | Spider:1 | Received a gift from Okawaru
 39168 | Spider:1 | Reached skill level 5 in Shields
 40305 | Spider:2 | Noticed Arachne
 40332 | Spider:2 | Killed Arachne
 40995 | Spider:2 | Reached XP level 17. HP: 108/108 MP: 16/25
 42140 | Spider:2 | Received a gift from Okawaru
 43142 | Spider:3 | Reached skill level 13 in Crossbows
 43716 | Spider:4 | Entered Level 4 of the Spider Nest
 43788 | Spider:4 | Noticed Kirke
 43798 | Spider:4 | Killed Kirke
 44752 | Spider:4 | Received a gift from Okawaru
 45703 | Spider:4 | Reached XP level 18. HP: 90/113 MP: 0/26
 46066 | Spider:4 | Got a gossamer rune of Zot
 46534 | Shoals:1 | Entered Level 1 of the Shoals
 46649 | Shoals:1 | Noticed Frances
 47137 | Shoals:1 | Received a gift from Okawaru
 47834 | Shoals:1 | Killed Frances
 47977 | Shoals:1 | Found Upsa's General Store.
 48027 | Shoals:1 | Received a gift from Okawaru
 48141 | Shoals:2 | Reached skill level 14 in Crossbows
 48151 | Shoals:2 | Got a slimy chain mail
 48152 | Shoals:2 | Identified the +2 chain mail of Yesterday {rElec rPois}
                  | (You found it on level 2 of the Shoals)
 48192 | Shoals:2 | Noticed Donald
 48211 | Shoals:2 | Killed Donald
 48211 | Shoals:2 | Received a gift from Okawaru
 48275 | Shoals:2 | Noticed Polyphemus
 48935 | Shoals:2 | Killed Polyphemus
 49189 | Shoals:2 | Received a gift from Okawaru
 49475 | Shoals:2 | Identified the +2 robe "Behaang" {rElec rN+ Regen+ SInv}
 50514 | Shoals:3 | Found Qozoroib's Antique Armour Shop.
 50514 | Shoals:3 | Found Soxeit's Armour Boutique.
 50886 | Shoals:3 | Received a gift from Okawaru
 50919 | Shoals:3 | Found Tiqeciu's Jewellery Shop.
 50924 | Shoals:3 | Found Xehuhoit's Magic Scroll Shop.
 50975 | Shoals:3 | Reached XP level 19. HP: 120/120 MP: 18/27
 51448 | Shoals:4 | Entered Level 4 of the Shoals
 51739 | Shoals:4 | Received a gift from Okawaru
 52258 | Shoals:4 | Received a gift from Okawaru
 52291 | Shoals:4 | Found Pebbiott's Jewellery Shop.
 52624 | Shoals:4 | Received a gift from Okawaru
 52633 | Shoals:4 | Reached skill level 15 in Crossbows
 52716 | Shoals:4 | Identified the Guide on Hexes
 52839 | Shoals:4 | Got a brightly glowing halberd
 52840 | Shoals:4 | Identified the +9 halberd "Qomim" {chop, Int-2 Dex+8} (You
                  | found it on level 4 of the Shoals)
 54663 | Shoals:4 | Identified the +5 quarterstaff "Woemif" {venom, Int+3
                  | Stlth+}
 54970 | Shoals:4 | Got a barnacled rune of Zot
 55046 | Shoals:4 | Identified the ring "Ebifurph" {rN+ EV+5} (You found it on
                  | level 4 of the Shoals)
 55406 | D:3      | Killed hitsuchi's ghost
 55603 | Elf:1    | Entered Level 1 of the Elven Halls
 55765 | Elf:1    | Found a huge runed gate.
 55765 | Elf:1    | Found a huge runed gate.
 55766 | Elf:1    | Found a huge runed gate.
 55766 | Elf:1    | Found a huge runed gate.
 55767 | Elf:1    | Found a huge runed gate.
 55767 | Elf:1    | Found a huge runed gate.
 55767 | Elf:1    | Found a huge runed gate.
 55767 | Elf:1    | Found a huge runed gate.
 55767 | Elf:1    | Found a huge runed gate.
 55768 | Elf:1    | Found a huge runed gate.
 55788 | Elf:1    | Found a huge runed gate.
 55789 | Elf:1    | Found a huge runed gate.
 55790 | Elf:1    | Found a huge runed gate.
 55790 | Elf:1    | Found a huge runed gate.
 55791 | Elf:1    | Found a huge runed gate.
 55792 | Elf:1    | Found a huge runed gate.
 55818 | Elf:1    | Received a gift from Okawaru
 55827 | Elf:1    | Found a huge runed gate.
 55827 | Elf:1    | Found a huge runed gate.
 55827 | Elf:1    | Found a huge runed gate.
 55991 | Elf:1    | Received a gift from Okawaru
 56300 | Elf:1    | Noticed a Brimstone Fiend
 56602 | Elf:1    | Noticed Azrael
 56609 | Elf:1    | Killed Azrael
 56947 | Elf:1    | Reached XP level 20. HP: 113/127 MP: 19/28
 57018 | Elf:1    | Found a huge runed gate.
 57020 | Elf:1    | Found a huge runed gate.
 57023 | Elf:1    | Found a huge runed gate.
 57028 | Elf:1    | Found a huge runed gate.
 57029 | Elf:1    | Found a huge runed gate.
 57186 | Elf:1    | Got a pitted long sword
 57205 | Elf:1    | Identified the +10 long sword "Teaggo" {vamp, rPois Str+2
                  | Int-4 Dex+7} (You found it on level 1 of the Elven Halls)
 57286 | Elf:1    | Found a huge runed gate.
 57302 | Elf:1    | Found a huge runed gate.
 57303 | Elf:1    | Found a huge runed gate.
 57304 | Elf:1    | Found a huge runed gate.
 57307 | Elf:1    | Found a huge runed gate.
 57307 | Elf:1    | Found a huge runed gate.
 57308 | Elf:1    | Found a huge runed gate.
 57308 | Elf:1    | Found a huge runed gate.
 57309 | Elf:1    | Found a huge runed gate.
 57309 | Elf:1    | Found a huge runed gate.
 57309 | Elf:1    | Found a huge runed gate.
 57513 | Elf:1    | Reached skill level 10 in Evocations
 57540 | Elf:1    | Reached skill level 16 in Crossbows
 57840 | Elf:2    | Found Agiwiafi's Antique Weapon Emporium.
 57932 | Elf:2    | Got a slimy spear
 57962 | Elf:2    | Identified the +5 spear of Apoc Qer {pierce, rElec rF+ rC+}
                  | (You found it on level 2 of the Elven Halls)
 58462 | Elf:2    | Received a gift from Okawaru
 58735 | Elf:2    | Found a runed translucent gate.
 58735 | Elf:2    | Found a runed translucent gate.
 58735 | Elf:2    | Found a runed translucent gate.
 59503 | Elf:2    | Received a gift from Okawaru
 59820 | Elf:3    | Entered Level 3 of the Elven Halls
 60373 | Elf:3    | Found a runed translucent door.
 60383 | Elf:3    | Noticed DEFE's ghost (adept DrEn)
 60640 | Elf:3    | Received a gift from Okawaru
 61633 | Elf:3    | Reached skill level 17 in Crossbows
 61877 | Elf:3    | Received a gift from Okawaru
 61904 | Elf:3    | Reached XP level 21. HP: 107/132 MP: 15/29
 62137 | Elf:3    | Identified the +3 dagger of Risk Management {pierce, *Noise
                  | rC+ Str-4 Dex+9}
 62391 | Elf:3    | Identified the ring "Goizxamp" {Ice Int+5 Slay-6}
 62462 | Elf:3    | Identified the ring "Sugutsoa" {MR+ rCorr MP-9 Str+6}
 62669 | Elf:3    | Identified the ring "Wofuoj" {Str+3 Dex+4}
 63316 | Elf:3    | Identified the ring of Tir Kak {*Tele *Corrode MR- Int+7
                  | SInv}
 63333 | Elf:3    | Reached skill level 15 in Fighting
 63567 | Elf:3    | Identified the Handbook of the Traveller
 63574 | Elf:3    | Identified the Guide on Twisted Contamination
 63869 | Elf:3    | Learned a level 2 spell: Passwall
 64011 | Elf:3    | Killed DEFE's ghost
 64545 | Shoals:4 | Bought an uncursed ring of protection from fire for 375
                  | gold pieces
 64770 | Vaults:1 | Entered Level 1 of the Vaults
 65016 | Vaults:1 | Received a gift from Okawaru
 65028 | Vaults:1 | Reached skill level 1 in Transmutations
 65446 | Vaults:1 | Reached skill level 18 in Crossbows
 65446 | Vaults:1 | Reached skill level 1 in Earth Magic
 66021 | Vaults:1 | Received a gift from Okawaru
 66540 | Vaults:1 | Found Xeppohoavi's Weapon Emporium.
 66685 | Vaults:1 | Received a gift from Okawaru
 66759 | Vaults:1 | Got a smoking plate armour {god gift}
 66760 | Vaults:1 | Identified the +5 plate armour "Uziraufo" {MR+ Dex+3}
                  | (Okawaru gifted it to you on level 1 of the Vaults)
 67001 | Vaults:1 | Reached XP level 22. HP: 133/140 MP: 12/30
 69113 | Vaults:2 | Reached skill level 15 in Armour
 69650 | Vaults:2 | Got a crystal arbalest
 69651 | Vaults:2 | Identified the +5 arbalest of Lies {flame, Str+7} (You
                  | found it on level 2 of the Vaults)
 69892 | Vaults:2 | Noticed Frederick
 69906 | Vaults:2 | Killed Frederick
 70527 | Vaults:2 | Received a gift from Okawaru
 71268 | Vaults:3 | Received a gift from Okawaru
 71286 | Vaults:3 | Reached skill level 19 in Crossbows
 71287 | Vaults:3 | Received a gift from Okawaru
 71506 | Vaults:3 | Upgraded the game from 0.25-a0-36-g303dd5b1f4 to
                  | 0.25-a0-41-g6cf4ce537d
 71715 | Vaults:3 | You are sucked into a shaft and drop 1 floor!
 71786 | Vaults:3 | Received a gift from Okawaru
 72063 | Vaults:3 | Learned a level 3 spell: Regeneration
 72411 | Vaults:3 | Got an ancient plate armour
 72675 | Vaults:3 | Received a gift from Okawaru
 72763 | Vaults:3 | Reached XP level 23. HP: 131/146 MP: 13/31
 73191 | Vaults:3 | Received a gift from Okawaru
 73191 | Vaults:3 | Reached skill level 1 in Necromancy
 73356 | Vaults:3 | Found a runed translucent gate.
 73356 | Vaults:3 | Found a runed translucent gate.
 73357 | Vaults:3 | Found a runed translucent gate.
 73424 | Vaults:3 | Noticed Xtahua
 73431 | Vaults:3 | Killed Xtahua
 73431 | Vaults:3 | Reached skill level 1 in Charms
 73690 | Vaults:3 | Found a staircase to the Crypt.
 73951 | Vaults:3 | Found a runed translucent gate.
 73951 | Vaults:3 | Found a runed translucent gate.
 73960 | Vaults:3 | Found a runed translucent gate.
 73961 | Vaults:3 | Noticed Moutitz's ghost (adept MiFi)
 74069 | Vaults:3 | Gained mutation: Your spells are a little harder to cast,
                  | but a little more powerful. [a cacodemon]
 74089 | Vaults:3 | Killed Moutitz's ghost
 74295 | Vaults:3 | Identified the +1 plate armour of Wrong Decisions {+Fly}
                  | (You found it on level 3 of the Vaults)
 74670 | Vaults:4 | Received a gift from Okawaru
 75221 | Vaults:4 | Received a gift from Okawaru
 75221 | Vaults:4 | Reached skill level 10 in Dodging
 75421 | Vaults:4 | Got a pitted falchion
 76164 | Shoals:3 | Bought a scroll of identify for 28 gold pieces
 76164 | Shoals:3 | Bought a scroll of immolation for 49 gold pieces
 76164 | Shoals:3 | Bought a scroll of blinking for 105 gold pieces
 76164 | Shoals:3 | Bought a scroll of magic mapping for 49 gold pieces
 76164 | Shoals:3 | Bought a scroll of teleportation for 42 gold pieces
 76980 | Crypt:1  | Entered Level 1 of the Crypt
 76995 | Crypt:1  | Noticed Boris
 77023 | Crypt:1  | Killed Boris
 77023 | Crypt:1  | Received a gift from Okawaru
 77312 | Crypt:1  | Reached skill level 5 in Transmutations
 78135 | Crypt:1  | Reached skill level 10 in Invocations
 78363 | Crypt:1  | Found a runed translucent gate.
 78363 | Crypt:1  | Found a runed translucent gate.
 78363 | Crypt:1  | Found a runed translucent gate.
 78363 | Crypt:1  | Noticed Jyumazes's ghost (adept GrFi)
 78515 | Crypt:1  | Received a gift from Okawaru
 79607 | Crypt:2  | Reached XP level 24. HP: 152/152 MP: 13/31
 79974 | Crypt:3  | Entered Level 3 of the Crypt
 80291 | Crypt:3  | Noticed Boris
 80303 | Crypt:3  | Killed Boris
 80303 | Crypt:3  | Reached skill level 5 in Earth Magic
 80796 | Crypt:3  | Received a gift from Okawaru
 80857 | Crypt:3  | Identified the Collected Works on Darkness
 81107 | Crypt:3  | Reached skill level 20 in Crossbows
 81923 | Crypt:3  | Found a staircase to the Tomb.
 82013 | Crypt:3  | Received a gift from Okawaru
 82411 | Crypt:3  | Identified the ring of the Omega Point {rC+ rN+ Int+4
                  | Slay-3}
 82457 | Crypt:3  | Reached skill level 5 in Necromancy
 82476 | Crypt:3  | Received a gift from Okawaru
 82705 | Crypt:3  | Got a glittering ivory ring
 82706 | Crypt:3  | Identified the ring "Wutwelau" {rN+ Str-5 Int+2 Stlth+}
                  | (You found it on level 3 of the Crypt)
 83565 | Crypt:1  | Killed Jyumazes's ghost
 83604 | Crypt:1  | Got a pair of brightly glowing gloves
 83605 | Crypt:1  | Identified the cursed +0 pair of gloves "Puvom" {-Tele MR+
                  | Slay+3} (You found it on level 1 of the Crypt)
 83978 | Vaults:5 | Entered Level 5 of the Vaults
 84175 | Vaults:4 | Received a gift from Okawaru
 84329 | Vaults:4 | Received a gift from Okawaru
 84338 | Vaults:4 | Got an ancient hand crossbow {god gift}
 84339 | Vaults:4 | Identified the +7 hand crossbow of the Middle {elec, rPois}
                  | (Okawaru gifted it to you on level 4 of the Vaults)
 84885 | Vaults:4 | You are sucked into a shaft and drop 1 floor!
 84961 | Vaults:5 | Reached XP level 25. HP: 115/159 MP: 14/32
 85394 | Vaults:5 | Received a gift from Okawaru
 86180 | Vaults:5 | Received a gift from Okawaru
 86187 | Vaults:5 | Reached skill level 5 in Charms
 86501 | Vaults:5 | Received a gift from Okawaru
 86687 | Vaults:5 | Identified the ring "Vaefemee" {rElec MR+ MP-9 SInv Stlth-}
 87132 | Vaults:5 | Identified the +8 spear of Licwamadd {flame, Int+2}
 87137 | Vaults:5 | Received a gift from Okawaru
 87301 | Vaults:5 | Identified the Tome of Unstable Snow
 87430 | Vaults:5 | Received a gift from Okawaru
 87811 | Vaults:5 | Identified the amulet of Jathuph {Faith rPois rF+ rC-
                  | Str+2}
 87886 | Vaults:5 | Found Cinkuq's Food Shoppe.
 87886 | Vaults:5 | Found Luhyzeo's Food Boutique.
 87929 | Vaults:5 | Found Rorosel's Distillery.
 88350 | Vaults:5 | Identified Rukoqir's Disquisition on Frigorific
                  | Transmutation
 88433 | Vaults:5 | Identified the Volume of Necromancy
 88519 | Vaults:5 | Got a silver rune of Zot
 88629 | Vaults:5 | Received a gift from Okawaru
 89079 | Vaults:5 | Bought a potion of agility for 72 gold pieces
 89079 | Vaults:5 | Bought 2 potions of might for 144 gold pieces
 89079 | Vaults:5 | Bought a potion of curing for 54 gold pieces
 89079 | Vaults:5 | Bought a potion of heal wounds for 90 gold pieces
 89079 | Vaults:5 | Bought a potion of heal wounds for 90 gold pieces
 89079 | Vaults:5 | Bought a potion of invisibility for 144 gold pieces
 89373 | D:6      | Bought a scroll of enchant armour for 82 gold pieces
 89373 | D:6      | Bought a box of beasts for 220 gold pieces
 89373 | D:6      | Bought a scroll of fog for 22 gold pieces
 89373 | D:6      | Bought a scroll of identify for 22 gold pieces
 89560 | Orc:2    | Bought a box of beasts for 240 gold pieces
 89560 | Orc:2    | Bought a wand of digging (7) for 264 gold pieces
 89560 | Orc:2    | Bought a wand of scattershot (6) for 360 gold pieces
 89560 | Orc:2    | Bought a wand of clouds (5) for 324 gold pieces
 89560 | Orc:2    | Bought a wand of iceblast (9) for 156 gold pieces
 89560 | Orc:2    | Bought a wand of acid (6) for 240 gold pieces
 89560 | Orc:2    | Bought a wand of iceblast (6) for 120 gold pieces
 89560 | Orc:2    | Bought a wand of clouds (3) for 252 gold pieces
 89563 | Orc:2    | Bought a phantom mirror for 420 gold pieces
 89563 | Orc:2    | Bought a wand of iceblast (7) for 154 gold pieces
 89563 | Orc:2    | Bought a wand of paralysis (11) for 182 gold pieces
 89563 | Orc:2    | Bought a wand of iceblast (6) for 140 gold pieces
 89563 | Orc:2    | Bought a sack of spiders for 280 gold pieces
 89706 | D:12     | Bought a scroll of teleportation for 51 gold pieces
 89706 | D:12     | Bought a wand of acid (11) for 510 gold pieces
 89894 | Shoals:1 | Bought a scroll of teleportation for 51 gold pieces
 89894 | Shoals:1 | Bought a phantom mirror for 510 gold pieces
 90151 | Depths:1 | Entered Level 1 of the Depths
 90510 | Depths:1 | Reached XP level 26. HP: 134/165 MP: 5/32
 91163 | Depths:1 | Reached skill level 21 in Crossbows
 91214 | Depths:1 | Found a gateway to Hell.
 92292 | Depths:2 | Received a gift from Okawaru
 92341 | Depths:2 | Found Wuotajeri's Antique Armour Emporium.
 93210 | Depths:3 | Received a gift from Okawaru
 93345 | Depths:3 | Found a one-way gate to the infinite horrors of the Abyss.
 93470 | Depths:5 | Entered Level 5 of the Depths
 93482 | Depths:5 | Identified a scroll of acquirement
 93535 | Depths:4 | Received a gift from Okawaru
 93795 | Depths:4 | Received a gift from Okawaru
 93804 | Depths:4 | Identified the +6 mace of Uremum {vamp, rC++ Str+6 Dex+4}
                  | (Okawaru gifted it to you on level 4 of the Depths)
 94036 | Depths:5 | Found a portal to a secret trove of treasure.
 95000 | Depths:5 | Noticed Boris
 95198 | Depths:5 | Reached XP level 27. HP: 159/172 MP: 6/33
 95795 | Depths:5 | Received a gift from Okawaru
 96007 | Depths:5 | Found a runed translucent door.
 96011 | Depths:5 | Found a runed translucent door.
 96050 | Depths:5 | Killed Boris
 96245 | Depths:5 | Found a runed translucent door.
 96261 | Depths:5 | Found a runed translucent door.
 96318 | Depths:5 | Found a runed translucent door.
 96325 | Depths:5 | Found a runed translucent door.
 96337 | Depths:5 | Found a gate to the Realm of Zot.
 96830 | Zot:1    | Entered Level 1 of the Realm of Zot
 97821 | Zot:3    | Reached skill level 22 in Crossbows
 97994 | Zot:5    | Entered Level 5 of the Realm of Zot
 98452 | Zot:5    | Received a gift from Okawaru
 98770 | Zot:5    | Received a gift from Okawaru
 98851 | Zot:5    | Identified the ring of Nocleuh {Wiz rC+ rN+ MR+} (You found
                  | it on level 5 of the Realm of Zot)
 98872 | Zot:5    | Noticed an ancient lich
 98886 | Zot:5    | Killed an ancient lich
 99022 | Zot:5    | Noticed an orb of fire
 99031 | Zot:5    | Gained mutation: Your magical capacity is low. (-10% MP)
                  | [an orb of fire]
 99032 | Zot:5    | Gained mutation: Your magical capacity is very low. (-20%
                  | MP) [an orb of fire]
 99046 | Zot:5    | Noticed an orb of fire
 99552 | Zot:3    | Noticed an orb of fire
 99553 | Zot:3    | Gained mutation: Your body sometimes deteriorates upon
                  | taking damage. [an orb of fire]
 99559 | Zot:3    | Gained mutation: Scrolls take you a little longer to read.
                  | [an orb of fire]
 99576 | Zot:3    | Killed an orb of fire
 99606 | Zot:3    | Lost mutation: Your body sometimes deteriorates upon taking
                  | damage. [potion of mutation]
 99606 | Zot:3    | Lost mutation: Scrolls take you a little longer to read.
                  | [potion of mutation]
 99606 | Zot:3    | Gained mutation: You tend to lose your temper in combat.
                  | [potion of mutation]
 99606 | Zot:3    | Gained mutation: Your flesh is cold resistant. (rC+)
                  | [potion of mutation]
 99607 | Zot:3    | Lost mutation: Your spells are a little harder to cast, but
                  | a little more powerful. [potion of mutation]
 99607 | Zot:3    | Lost mutation: You tend to lose your temper in combat.
                  | [potion of mutation]
 99607 | Zot:3    | Gained mutation: You have a somewhat thin skeletal
                  | structure. (Dex +2, Stealth) [potion of mutation]
 99607 | Zot:3    | Gained mutation: You have a pair of small antennae on your
                  | head. [potion of mutation]
100005 | Zot:3    | Received a gift from Okawaru
100487 | Zot:3    | Learned a level 1 spell: Summon Butterflies
100687 | Zot:3    | Reached skill level 1 in Summonings
102580 | Zot:1    | Noticed an ancient lich
102587 | Zot:1    | Killed an ancient lich
102587 | Zot:1    | Reached skill level 5 in Summonings
102805 | Zot:2    | Lost mutation: You have a somewhat thin skeletal structure.
                  | (Dex +2, Stealth) [potion of mutation]
102805 | Zot:2    | Lost mutation: Your magical capacity is very low. (-20% MP)
                  | [potion of mutation]
102805 | Zot:2    | Lost mutation: You have a pair of small antennae on your
                  | head. [potion of mutation]
102805 | Zot:2    | Lost mutation: Your magical capacity is low. (-10% MP)
                  | [potion of mutation]
102805 | Zot:2    | Gained mutation: Armour fits poorly on your strangely
                  | shaped body. [potion of mutation]
102805 | Zot:2    | Gained mutation: You are clumsy. (Dex -2) [potion of
                  | mutation]
102805 | Zot:2    | Gained mutation: Your movements are slightly less
                  | encumbered by armour. (ER -2) [potion of mutation]
102806 | Zot:2    | Lost mutation: Armour fits poorly on your strangely shaped
                  | body. [potion of mutation]
102806 | Zot:2    | Lost mutation: Your flesh is cold resistant. (rC+) [potion
                  | of mutation]
102806 | Zot:2    | Lost mutation: You are clumsy. (Dex -2) [potion of
                  | mutation]
102806 | Zot:2    | Gained mutation: You are partially covered in yellow
                  | scales. (AC +2) [potion of mutation]
102806 | Zot:2    | Gained mutation: You are dopey. (Int -2) [potion of
                  | mutation]
102806 | Zot:2    | Gained mutation: You possess an exceptional clarity of
                  | mind. [potion of mutation]
102806 | Zot:2    | Gained mutation: You are partially covered in iridescent
                  | scales. (AC +2) [potion of mutation]
103108 | Zot:2    | Received a gift from Okawaru
103189 | Zot:2    | Noticed an orb of fire
103194 | Zot:2    | Lost mutation: You possess an exceptional clarity of mind.
                  | [an orb of fire]
103202 | Zot:2    | Killed an orb of fire
103376 | Zot:2    | Received a gift from Okawaru
103470 | Depths:5 | You paid a toll of 18 potions of curing to enter a treasure
                  | trove
103471 | Trove    | Entered a treasure trove
103491 | Trove    | Identified Sif Muna's Reference Book on Creation
104531 | Zot:4    | Received a gift from Okawaru
104538 | Zot:4    | Reached skill level 15 in Evocations
104591 | Zot:4    | Received a gift from Okawaru
104792 | Zot:4    | Reached skill level 23 in Crossbows
106539 | Zot:5    | Killed an orb of fire
106563 | Zot:5    | Noticed an ancient lich
106569 | Zot:5    | Killed an ancient lich
106569 | Zot:5    | Received a gift from Okawaru
106621 | Zot:4    | Gained mutation: Your body sometimes deteriorates upon
                  | taking damage. [an orb of fire]
106623 | Zot:4    | Killed an orb of fire
107086 | Zot:5    | Noticed an orb of fire
107098 | Zot:5    | Noticed an orb of fire
107106 | Zot:4    | Killed an orb of fire
107408 | Zot:5    | Gained mutation: You are frail. (-10% HP) [an orb of fire]
107410 | Zot:5    | Killed an orb of fire
108135 | Zot:5    | Noticed an orb of fire
108369 | Zot:4    | Gained mutation: Scrolls take you a little longer to read.
                  | [an orb of fire]
108370 | Zot:4    | Gained mutation: Your spells are a little harder to cast,
                  | but a little more powerful. [an orb of fire]
108733 | Zot:4    | Gained mutation: You occasionally shout uncontrollably at
                  | your foes. [an orb of fire]
108741 | Zot:4    | Gained mutation: Scrolls take you longer to read. [an orb
                  | of fire]
108744 | Zot:4    | Killed an orb of fire
108750 | Zot:4    | Lost mutation: Scrolls take you longer to read. [potion of
                  | mutation]
108750 | Zot:4    | Lost mutation: Your body sometimes deteriorates upon taking
                  | damage. [potion of mutation]
108750 | Zot:4    | Lost mutation: You are frail. (-10% HP) [potion of
                  | mutation]
108750 | Zot:4    | Lost mutation: Your movements are slightly less encumbered
                  | by armour. (ER -2) [potion of mutation]
108750 | Zot:4    | Lost mutation: Scrolls take you a little longer to read.
                  | [potion of mutation]
108750 | Zot:4    | Gained mutation: You are partially covered in slimy green
                  | scales. (AC +2) [potion of mutation]
110121 | Zot:5    | Received a gift from Okawaru
111416 | Zot:5    | Got the Orb of Zot
111594 | Depths:2 | Noticed a seraph
111884 | D:6      | Noticed Uczyirun the pandemonium lord
112019 | D:$      | Escaped with the Orb!

Levels and vault maps discovered:
D:1:      minmay_arrival_shattered_statue, layout_loops_ring
D:2:      layout_basic, makhleb_altar_promises_db
D:3:      layout_basic, first_ration, ebering_ghost_rock_garden,
          kennysheep_generic_room_4
D:4:      layout_basic
D:5:      layout_cave_pools, serial_column_ruins, column_ruins_open_small,
          column_ruins_columns_corner, column_ruins_grid_1,
          hangedman_abyss_or_decor_stabs
D:6:      layout_basic, ashenzari_altar_1, serial_shops, shop, uniq_eustachio,
          uniq_pikel
D:7:      layout_layer_cave, minmay_temple_entry_offerings
D:8:      layout_gridville, hangedman_little_slice_of_home,
          lemuel_blue_sif_altar, uniq_maurice
D:9:      layout_loops_ring, grunt_lair_entry_orc_guard_hut, hiddenorc1_lemuel,
          uniq_erolcha
D:10:     layout_stronghold
D:11:     minmay_the_grid_triangle_9x9_recursive_2_mashed
          [minmay_the_grid_triangle_9x9_prize_schism,
          minmay_the_grid_triangle_9x9_shrine,
          minmay_the_grid_triangle_9x9_odd_lines,
          minmay_the_grid_triangle_9x9_minimal], layout_basic
D:12:     wad_cavern_with_rooms, layout_basic, portal_ice_cave_entry_pillars_1,
          serial_shops, shop
D:13:     kennysheep_kobold_grotto, layout_long_grid,
          lightli_vaults_fourway_checkpoint, serial_glass, glass_columns_a,
          glass_columns_a, minmay_lindwurm_lava, uniq_nessos, uniq_sonja,
          uniq_josephine
D:14:     layout_stronghold, nicolae_benzene_ring
D:15:     hangedman_depths_entry_try_elsewhere_first, layout_layer_cave,
          serial_shops, shop, hex_tiny, minivault_23, uniq_louise
Temple:   regret_index_temple_sigil_plot
Lair:1:   layout_loops_ring, st_stairs_13, columned_hall_lemuel,
          lemuel_fruit_fields
Lair:2:   layout_gridlike, minmay_shoals_entry_beasts, dummy_spider_entry
Lair:3:   layout_chaotic_city, basic_altar, gammafunk_ghost_necromancy,
          minmay_hedge_maze, minmay_lair_oklob_chamber, serial_bayou_shore_b
Lair:4:   layout_cave_pods, gammafunk_ghost_hive, uniq_rupert
Lair:5:   layout_cave_shapes, grunt_forest_small_clearings,
          eino_small_chamber_without_monster, cheibrodos_lair_lostbears,
          uniq_urug
Lair:6:   hangedman_lair_in_review, layout_long_grid,
          hangedman_lair_caniforms_friends, dpeg_slime_entry_enclosed_altar,
          serial_bayou_pond_b
Shoals:1: layout_shoals, serial_shops, nicolae_shop_waterfront, uniq_frances
Shoals:2: layout_shoals, uniq_donald, uniq_polyphemus
Shoals:3: layout_shoals, serial_shops, nicolae_shop_waterfront, shop, shop,
          nicolae_shop_waterfront
Shoals:4: shoals_end_simple, layout_shoals, serial_shops,
          nicolae_shop_behind_doors, hangedman_shoals_cup_caves
Spider:1: layout_chambers, uniq_nikola
Spider:2: layout_spider_delve, uniq_arachne
Spider:3: layout_spider_delve, drop_trap, minivault_29
Spider:4: guppyfry_spider_rune, drop_trap, spiders_nest_hornet_nest, uniq_kirke
Orc:1:    layout_caves, basic_altar, nicolae_alphabet_shops, uniq_nergalle
Orc:2:    st_orc_mages, layout_caves, serial_shops, bzr_entry_dummy,
          nicolae_orc_sculptors_studio, mines1_david
Elf:1:    layout_loops_corners, minmay_elf_crystal_heptagon, door_vault,
          uniq_azrael
Elf:2:    layout_geoelf_octagon, serial_shops, shop
Elf:3:    minmay_elf_hall_hex, layout_geoelf_castle,
          ebering_ghost_reflecting_pool
Vaults:1: nicolae_vaults_three_branches, nicolae_vaults_ring_of_whatevers,
          v_misc_4, v_misc_30, v_misc_28, nicolae_vaults_specimen_jars,
          grunt_vaults_diagonal, hangedman_vaults_trim, vaults_dpeg_ring,
          v_misc_5, layout_vaults_quadrants, serial_shops, nicolae_shop_trees
Vaults:2: v_misc_19, nicolae_vaults_back_hallway,
          nicolae_vaults_yaktaur_gun_rack, nicolae_vaults_little_squares_1,
          grunt_vaults_hallway_short, v_misc_31, v_misc_18,
          nicolae_vaults_holding_cells, vaults_mumra_hex,
          ontoclasm_vaults_decontamination, hangedman_vaults_maws,
          hangedman_vaults_slice, v_misc_19, layout_vaults_maze_bifur,
          uniq_frederick
Vaults:3: ploomutoo_gammafunk_vaults_ghost_potion_laboratory,
          minmay_crypt_entry_vampire_xt, vaults_room_semicircle, v_misc_4,
          hangedman_vaults_corner_blocks, st_smaller_cells,
          ontoclasm_vaults_ligature, nicolae_vaults_border_crossing,
          grunt_vaults_hallway_short, layout_vaults_chaotic_city, uniq_xtahua
Vaults:4: vaults_mumra_hexcomb, hangedman_vaults_slither,
          nicolae_vaults_angled_halls, grunt_vaults_bifocal,
          ontoclasm_vaults_gateway, nicolae_vaults_triangles,
          nicolae_vaults_statue_guard, v_misc_24,
          hangedman_vaults_corner_blocks, layout_vaults_omnibox
Vaults:5: serial_shops
Crypt:1:  layout_chaotic_city, gammafunk_ghost_spectres, lemuel_freeze_loot_1,
          grunt_megastairs_1, uniq_boris
Crypt:2:  layout_misc_corridors, grunt_megastairs_4
Crypt:3:  due_elkab, layout_chaotic_city, tomb_entry_forgotten_bobbens
Depths:1: layout_roguey, grunt_hell_entry_dis_mu, serial_corexii_hall,
          corexii_hall_statues_l, chequers_hall_statues_wall_a,
          chequers_hall_statues_wall_a, serial_sigils_hangedman_confine,
          item_on_display_a
Depths:2: nooodl_heptagram, layout_cave_pools, minmay_misc_feat_rows,
          hangedman_tar_grid_catacomb, serial_shops, shop,
          roderic_roman_lattice, kennysheep_flooded_box
Depths:3: grunt_deathspiral_small, layout_basic, rand_demon_pan_entry_9,
          hell_entry, abyss_entry, infiniplex_staircase_pool_1
Depths:4: hangedman_cross_stitches, layout_basic, enter_ziggurat_f, abyss_entry,
          pf_coc_iceberg, ebering_ghost_reflecting_pool, minmay_misc_feat_five
Depths:5: evilmike_zot_entry_castle, layout_basic, enter_trove_6,
          pf_vacation_house_of_asmodeus
Zot:1:    layout_misc_corridors, lemuel_lich_library
Zot:2:    layout_onion_interference
Zot:3:    layout_concentric_octagons, hangedman_zot_decor_slant
Zot:4:    kennysheep_oblong_rooms, layout_onion
Zot:5:    layout_cathedral_of_symmetry, hangedman_zot_decor_checkerboard

Skill      XL: |  1  2  3  4  5  6  7  8  9 10 11 12 13 14 15 16 17 18 19 20 21 22 23 24 25 26 27 |
---------------+----------------------------------------------------------------------------------+-----
Fighting       | 2 3 4 5 6 8 9 10 11 12 13 14 15 16 17 20 | 20.0
Crossbows      | 3 4 5 6 8 9 10 11 12 13 14 15 17 18 19 20 21 23 | 23.7
Armour         | 1 2 4 5 6 8 9 10 11 12 13 14 15 16 17 20 | 20.4
Stealth        | 1 2 3 4 |  4.0
Dodging        | 3 4 5 6 7 8 9 10 11 12 14 | 14.1
Maces & Flails | 5 8 11 12 13 14 15 16 17 18 19 20 | 20.0
Evocations     | 3 4 6 7 8 9 10 11 12 15 | 15.5
Invocations    | 3 5 6 7 8 9 10 11 12 14 | 14.0
Translocations | 2 3 4 5 6 7 |  7.0
Shields        | 2 4 5 6 8 9 |  9.0
Hexes          | 3 4 5 6 7 |  7.0
Spellcasting   | 3 5 |  5.8
Throwing       | 4 5 |  5.0
Transmutations | 2 4 5 6 7 |  7.0
Earth Magic    | 2 3 4 5 6 7 |  7.0
Necromancy     | 4 5 7 9 |  9.0
Charms         | 3 4 5 |  5.0
Summonings     | 7 |  7.0

Action                   |  1- 3 |  4- 6 |  7- 9 | 10-12 | 13-15 | 16-18 | 19-21 | 22-24 | 25-27 || total
-------------------------+-------+-------+-------+-------+-------+-------+-------+-------+-------++-------
Melee: Whip              |       |       |       |    20 |       |       |       |       |       ||    20
       Hand axe          |       |       |       |    14 |       |       |       |       |       ||    14
       Kick              |       |       |       |    22 |   152 |   360 |   239 |    82 |    65 ||   920
       Peck              |       |       |       |     7 |    87 |   232 |   125 |    39 |    44 ||   534
       Punch             |       |       |       |     1 |       |       |       |       |       ||     1
       War axe           |       |       |       |    26 |       |       |       |       |       ||    26
       Hand crossbow     |       |       |       |     1 |       |       |       |       |       ||     1
       Flail             |       |       |       |       |   327 |   673 |   419 |       |       ||  1419
       Great mace        |       |       |       |       |       |       |    32 |   171 |   163 ||   366
 Fire: Hunting sling     |    75 |   106 |    88 |    10 |       |       |       |       |       ||   279
       Hand crossbow     |    41 |    57 |   314 |   653 |   843 |   758 |   626 |       |       ||  3292
       Arbalest          |       |       |       |       |       |       |   312 |  1458 |  2187 ||  3957
Throw: Dart              |       |       |       |    11 |       |     6 |    11 |       |       ||    28
       Javelin           |       |       |       |       |     3 |     3 |       |       |       ||     6
       Boomerang         |       |       |       |       |   103 |   309 |   111 |     3 |    28 ||   554
       Throwing net      |       |       |       |       |       |       |     7 |       |     2 ||     9
 Cast: Blink             |       |       |       |       |       |       |       |     4 |    17 ||    21
       Portal Projectile |       |       |       |       |       |       |       |     2 |       ||     2
       Apportation       |       |       |       |       |       |       |       |    29 |    34 ||    63
       Regeneration      |       |       |       |       |       |       |       |     6 |    26 ||    32
       Passwall          |       |       |       |       |       |       |       |       |     3 ||     3
Invok: Heroism           |       |       |       |    11 |    14 |    21 |    29 |     8 |    14 ||    97
       Finesse           |       |       |       |       |     7 |     6 |    12 |    14 |    23 ||    62
 Abil: Fly               |       |     1 |       |       |       |       |     1 |       |     3 ||     5
       Evoke Invisibilit |       |       |       |       |       |     1 |       |       |    20 ||    21
       Stop Flying       |       |       |       |       |       |       |     1 |       |     3 ||     4
Evoke: Wand              |       |       |     5 |     6 |     8 |    48 |    53 |     2 |    31 ||   153
       Phial of floods   |       |       |       |       |     2 |     3 |     2 |     2 |     5 ||    14
       Lamp of fire      |       |       |       |       |       |     5 |     7 |     7 |     8 ||    27
       Lightning rod     |       |       |       |       |       |    13 |    16 |     8 |       ||    37
       Fan of gales      |       |       |       |       |       |       |       |       |     4 ||     4
       Sack of spiders   |       |       |       |       |       |       |       |       |     4 ||     4
       Box of beasts     |       |       |       |       |       |       |       |       |     1 ||     1
  Use: Potion            |     2 |       |     2 |     2 |       |     1 |     4 |     1 |    37 ||    49
       Scroll            |     2 |     5 |     7 |    16 |    13 |    11 |    14 |    14 |    41 ||   123
 Stab: Distracted        |       |       |       |       |     1 |       |       |       |       ||     1
       Held in net/web   |       |       |       |       |       |     1 |       |       |       ||     1
       Petrifying        |       |       |       |       |       |     2 |       |       |       ||     2
       Petrified         |       |       |       |       |       |     2 |       |       |       ||     2
  Eat: Chunk             |     2 |     9 |     9 |    31 |    39 |    18 |    20 |    14 |     3 ||   145
       Ration            |       |       |     1 |     2 |       |     8 |     8 |    12 |    25 ||    56
Armor: Leather armour    |    10 |    19 |       |       |       |       |       |       |       ||    29
       Scale mail        |       |       |    46 |    76 |       |       |       |       |       ||   122
       Chain mail        |       |       |       |    71 |       |   306 |   182 |       |       ||   559
       Skin              |       |       |       |     8 |       |       |       |       |       ||     8
       Plate armour      |       |       |       |    10 |   181 |    41 |     5 |   308 |    58 ||   603
       Gold dragon scale |       |       |       |       |       |       |       |       |   646 ||   646
Dodge: Dodged            |    42 |    45 |    93 |   221 |   206 |   386 |   349 |   695 |  1153 ||  3190
Block: Buckler           |       |       |       |    14 |   220 |    34 |       |       |       ||   268
       Large shield      |       |       |       |       |       |  1036 |   467 |       |       ||  1503
       Reflection        |       |       |       |       |       |    51 |    74 |       |       ||   125

Table legend:
 A = Non-vault XP
 B = Vault XP
 C = Vault XP percentage of total XP
 D = Non-vault monster count
 E = Vault monster count
 F = Vault count percentage of total count
                 A         B        C        D         E       F
            +---------+---------+-------+---------+---------+-------
      Total |  902412 |  867466 |  49.0 |    1563 |     998 |  39.0
            +---------+---------+-------+---------+---------+-------
        D:1 |      21 |       0 |   0.0 |      12 |       0 |   0.0
        D:2 |     101 |       0 |   0.0 |      23 |       0 |   0.0
        D:3 |      59 |     132 |  69.1 |      14 |       1 |   6.7
        D:4 |      83 |       0 |   0.0 |      10 |       0 |   0.0
        D:5 |     400 |       0 |   0.0 |       8 |       0 |   0.0
        D:6 |    1632 |     867 |  34.7 |      25 |       2 |   7.4
        D:7 |     567 |       0 |   0.0 |      27 |       0 |   0.0
        D:8 |    1168 |     902 |  43.6 |      27 |      11 |  28.9
        D:9 |    3357 |    1717 |  33.8 |      25 |      22 |  46.8
       D:10 |    3382 |       0 |   0.0 |      21 |       0 |   0.0
       D:11 |    4106 |    3148 |  43.4 |      24 |       8 |  25.0
       D:12 |    4473 |     581 |  11.5 |      20 |       5 |  20.0
       D:13 |    5983 |   12824 |  68.2 |      34 |      52 |  60.5
       D:14 |    4966 |       0 |   0.0 |      19 |       0 |   0.0
       D:15 |   12296 |    5077 |  29.2 |      37 |       5 |  11.9
     Lair:1 |    3352 |     335 |   9.1 |      13 |       2 |  13.3
     Lair:2 |    7088 |     835 |  10.5 |      22 |       2 |   8.3
     Lair:3 |    3090 |    3486 |  53.0 |      17 |       7 |  29.2
     Lair:4 |    2877 |    6420 |  69.1 |      10 |      14 |  58.3
     Lair:5 |    6100 |     703 |  10.3 |      14 |       3 |  17.6
     Lair:6 |   11048 |   21421 |  66.0 |      29 |      78 |  72.9
   Shoals:1 |   17542 |    2436 |  12.2 |      34 |       1 |   2.9
   Shoals:2 |   24456 |    6575 |  21.2 |      51 |       5 |   8.9
   Shoals:3 |    9559 |       0 |   0.0 |      19 |       0 |   0.0
   Shoals:4 |   15668 |   33212 |  67.9 |      39 |      51 |  56.7
   Spider:1 |    7915 |    4347 |  35.5 |      24 |       1 |   4.0
   Spider:2 |   21979 |    8079 |  26.9 |      50 |      15 |  23.1
   Spider:3 |    8413 |    3726 |  30.7 |      18 |      31 |  63.3
   Spider:4 |   17535 |   28656 |  62.0 |      56 |      52 |  48.1
      Orc:1 |    3821 |     800 |  17.3 |      30 |       1 |   3.2
      Orc:2 |    2348 |    4803 |  67.2 |      21 |      35 |  62.5
      Elf:1 |   24846 |   28598 |  53.5 |      36 |      34 |  48.6
      Elf:2 |   14609 |   23345 |  61.5 |      25 |      30 |  54.5
      Elf:3 |   15408 |   68317 |  81.6 |      29 |      44 |  60.3
   Vaults:1 |   47936 |   16871 |  26.0 |     100 |      28 |  21.9
   Vaults:2 |   31646 |   24153 |  43.3 |      58 |      30 |  34.1
   Vaults:3 |   14476 |   58209 |  80.1 |      22 |      65 |  74.7
   Vaults:4 |   19133 |   33579 |  63.7 |      32 |      41 |  56.2
   Vaults:5 |   31317 |  122848 |  79.7 |      42 |      77 |  64.7
    Crypt:1 |   34436 |   19875 |  36.6 |      49 |      16 |  24.6
    Crypt:2 |   26995 |    7610 |  22.0 |      29 |       7 |  19.4
    Crypt:3 |   25524 |   40519 |  61.4 |      28 |      62 |  68.9
   Depths:1 |   25876 |       0 |   0.0 |      39 |       0 |   0.0
   Depths:2 |   25010 |   15065 |  37.6 |      34 |      12 |  26.1
   Depths:3 |   25066 |       0 |   0.0 |      30 |       0 |   0.0
   Depths:4 |   14188 |       0 |   0.0 |      14 |       0 |   0.0
   Depths:5 |   42105 |   47134 |  52.8 |      50 |      32 |  39.0
      Zot:1 |   38842 |   29187 |  42.9 |      25 |      16 |  39.0
      Zot:2 |   65047 |       0 |   0.0 |      43 |       0 |   0.0
      Zot:3 |   53883 |       0 |   0.0 |      34 |       0 |   0.0
      Zot:4 |   88845 |   44005 |  33.1 |      52 |      12 |  18.8
      Zot:5 |   31839 |  123395 |  79.5 |      19 |      35 |  64.8
      IceCv |       0 |   13674 | 100.0 |       0 |      53 | 100.0
            +---------+---------+-------+---------+---------+-------
